 Dungeon Crawl Stone Soup version 0.31.0-9-g3a7656b989 (webtiles) character file.

Game seed: 12510323946379945089

285 Amaterasu the Ruffian (level 6, -2/30 HPs)
             Began as a Vine Stalker Shapeshifter on Jan 24, 2024.
             Slain by a hobgoblin
             ... wielding the +9 falchion "Jellyslayer" {speed, Str+4}
              (10 damage)
             ... on level 3 of the Dungeon.
             The game lasted 00:03:30 (1717 turns).

Amaterasu the Ruffian (Vine Stalker Shapeshifter)   Turns: 1717, Time: 00:03:32

Health: -2/30      AC:  5    Str: 19    XL:     6   Next: 29%
Magic:  0/7        EV: 11    Int: 10    God:
Gold:   679        SH:  0    Dex: 13    Spells: 5/5 levels left

rFire   . .          .
                       - Unarmed
rCold   . . .        (no shield)
rNeg    . . .        j - +0 ring mail
rPois   .            (helmet currently unavailable)
rElec   .            (cloak currently unavailable)
rCorr   .            (gloves currently unavailable)
SInv    .            (boots currently unavailable)
Will    .....        (no amulet)
Stlth   +            (no ring)
HPRegen 1.05/turn    (no ring)
MPRegen 0.10/turn

%: guardian spirit
@: beast-form
A: beast (slay +2), fangs 2, regeneration 1, magic shield, antimagic bite, no
potion heal 2
a: Begin Untransformation


You were on level 3 of the Dungeon.
You were a hulking beast.
You visited 1 branch of the dungeon, and saw 3 of its levels.

You collected 679 gold pieces.

Inventory:

Armour
 a - a +0 animal skin
 g - a +0 cloak
 j - a +0 ring mail (worn)
Talismans
 c - a beast talisman (active)
 d - a flux talisman
Wands
 n - a wand of flame (12)
Scrolls
 e - 4 scrolls of identify
 k - a scroll of poison
 o - a scroll of immolation {unknown}
Potions
 b - 2 potions of lignification
 f - a potion of ambrosia {unknown}
 h - a potion of resistance {unknown}
 i - a potion of invisibility
 l - a potion of curing {unknown}
 m - a potion of haste {unknown}


   Skills:
 * Level 2.0 Fighting
 * Level 1.2 Armour
 * Level 2.2 Dodging
 * Level 5.2 Unarmed Combat
 * Level 3.8 Shapeshifting


You had 5 spell levels left.
You didn't know any spells.
Your spell library was empty.

Dungeon Overview and Level Annotations

Branches:
Dungeon (3/15)

Altars:
Dithmenos
Fedhas


Innate Abilities, Weirdness & Mutations

You are a hulking beast.
Your limbs bulge with bestial killing power. (Slay +2)
You have extremely sharp teeth.
Your natural rate of healing is unusually fast.
When hurt, damage is shared between your health and your magic reserves.
Your bite disrupts and absorbs the magic of your enemies.
Potions cannot restore your health.


Message History

There is a stone staircase leading down here.
A hobgoblin comes into view.
It is wielding the +9 falchion "Jellyslayer" {speed, Str+4}.
Found a scroll of identify.
The hobgoblin shouts!
You hit the hobgoblin but do no damage. The hobgoblin misses you.
You barely miss the hobgoblin.
You bite the hobgoblin, but do no damage.
The hobgoblin misses you.
You completely miss the hobgoblin. Your bite misses the hobgoblin.
The hobgoblin hits you with the +9 falchion "Jellyslayer" {speed, Str+4}! x2
You are too injured to fight recklessly!
You are too injured to fight recklessly!
The hobgoblin attacks as it pursues you!
The hobgoblin hits you with the +9 falchion "Jellyslayer" {speed, Str+4}!
The hobgoblin attacks as it pursues you!
The hobgoblin misses you.
The hobgoblin attacks as it pursues you!
The hobgoblin misses you.
The hobgoblin attacks as it pursues you!
The hobgoblin closely misses you.
Aiming: Throw Flame
Press: ? - help, Shift-Dir - straight line, f - hobgoblin
Aim: a hobgoblin, wielding the +9 falchion "Jellyslayer" {speed, Str+4} and wearing a +0 leather armour (68% to hit)
The puff of flame hits the hobgoblin.
The hobgoblin is heavily wounded.
The hobgoblin barely misses you.
Aiming: Throw Flame
Press: ? - help, Shift-Dir - straight line, f/p - hobgoblin
Aim: a hobgoblin, wielding the +9 falchion "Jellyslayer" {speed, Str+4} and wearing a +0 leather armour (heavily wounded, 68% to hit)
The puff of flame hits the hobgoblin but does no damage.
The hobgoblin is heavily wounded.
The hobgoblin closely misses you.
The hobgoblin hits you with the +9 falchion "Jellyslayer" {speed, Str+4}!
* * * LOW HITPOINT WARNING * * *
Aiming: Throw Flame
Press: ? - help, Shift-Dir - straight line, f/p - hobgoblin
Aim: a hobgoblin, wielding the +9 falchion "Jellyslayer" {speed, Str+4} and wearing a +0 leather armour (heavily wounded, 68% to hit)
The puff of flame misses the hobgoblin.
The hobgoblin hits you with the +9 falchion "Jellyslayer" {speed, Str+4}!
You die...

# ########### .
..........#####
.######.######......#
........# ##.....#
.)......# #>....#
........#######.....#
........#...........#
.......)........h...##
....####.........g#..#
....#................##
....#.......##........##
..#.#.......#...###....#
..#.#.......#..##.##...#
..#.#.......##.#._.#.#.##
..#.#.......##.......#..#
..#.#.......###.....###.#


You could see a hobgoblin.

Vanquished Creatures
  Grinder (D:3)
  Ijyb (D:3)
  3 adders
  3 dart slugs
  6 endoplasms
  3 giant cockroaches (D:1)
  3 hobgoblins
  3 jackals (D:1)
  A quokka (D:2)
  7 ball pythons
  A bat (D:1)
  A frilled lizard (D:2)
  5 kobolds
  6 rats
44 creatures vanquished.

Notes
Turn   | Place    | Note
-------+----------+-------------------------------------------
     0 | D:1      | Amaterasu the Vine Stalker Shapeshifter began the quest for
                  | the Orb.
     0 | D:1      | Reached XP level 1. HP: 9/9 MP: 2/2
   105 | D:1      | Reached skill level 1 in Fighting
   239 | D:1      | Reached XP level 2. HP: 14/14 MP: 3/3
   745 | D:1      | Identified a scroll of acquirement
   745 | D:1      | Acquired 518 gold pieces
   758 | D:2      | Reached XP level 3. HP: 18/18 MP: 4/4
  1260 | D:2      | Reached XP level 4. HP: 22/22 MP: 5/5
  1497 | D:3      | Found a blossoming altar of Fedhas.
  1604 | D:3      | Noticed Grinder
  1617 | D:3      | Killed Grinder
  1618 | D:3      | Reached skill level 1 in Armour
  1618 | D:3      | Reached skill level 5 in Unarmed Combat
  1618 | D:3      | Reached XP level 5. HP: 17/26 MP: 6/6
  1618 | D:3      | Reached XP level 6. HP: 20/30 MP: 7/7
  1637 | D:3      | Noticed Ijyb
  1648 | D:3      | Killed Ijyb
  1677 | D:3      | Found a shadowy altar of Dithmenos.
  1702 | D:3      | Identified the +9 falchion "Jellyslayer" {speed, Str+4}
  1717 | D:3      | Slain by a hobgoblin

Illustrated notes

Levels and vault maps discovered:
D:1:      ncdulo_smallfort, layout_basic
D:2:      layout_loops_ring
D:3:      minmay_razor_zed, layout_basic, bloody_makhleb,
          nicolae_dithmenos_through_a_glass_darkly, fedhas_altar_3,
          serial_glass, glass_columns_b, glass_columns_a, minmay_liquid_box,
          uniq_grinder, uniq_jessica, uniq_ijyb

Skill      XL: |  1  2  3  4  5  6 |
---------------+-------------------+-----
Fighting       | 1 2 |  2.0
Armour         | 1 |  1.2
Dodging        | 2 |  2.2
Unarmed Combat | 5 |  5.2
Shapeshifting  | |  3.8

Action                     |  1- 3 |  4- 6 || total
---------------------------+-------+-------++-------
  Melee: Unarmed           |    60 |    28 ||    88
         Bite              |    12 |    10 ||    22
         Punch             |       |     1 ||     1
  Evoke: Wand              |       |     3 ||     3
    Use: Scroll            |     5 |     2 ||     7
   Stab: Sleeping          |     1 |       ||     1
 Armour: Animal skin       |     7 |       ||     7
         Ring mail         |    14 |    18 ||    32
  Dodge: Dodged            |    26 |    14 ||    40
   Form: Beast             |     1 |       ||     1
